 Dungeon Crawl Stone Soup version 0.28-a0-750-g7c675f85b1 (webtiles) character file.

Game seed: 18426686149083563912

39484 flotson the Fighter (level 13, -3/104 HPs)
             Began as a Demonspawn Delver on Oct 29, 2021.
             Was an Initiate of Gozag.
             Slain by a lindwurm (13 damage)
             ... on level 6 of the Lair of Beasts on Oct 30, 2021.
             The game lasted 00:39:31 (21257 turns).

flotson the Fighter (Demonspawn Delver)            Turns: 21257, Time: 00:39:33

Health: -3/104     AC: 22    Str: 17    XL:     13   Next: 69%
Magic:  13/13      EV: 14    Int: 13    God:    Gozag
Gold:   2520       SH: 18    Dex: 14    Spells: 12/12 levels left

rFire   . . .      SeeInvis .   a - +2 war axe (flame)
rCold   . . .      Faith    .   H - +3 kite shield
rNeg    . . .      Spirit   .   P - +0 acid dragon scales
rPois   +          Reflect  +   (no helmet)
rElec   .          Harm     .   e - scarf {shadows}
rCorr   +          Rampage  .   k - +0 pair of gloves
Will    .....                   (no boots)
Stlth   ++........              J - amulet of reflection
HPRegen 0.27/turn               p - ring of poison resistance
MPRegen 0.13/turn               A - +4 ring of protection

@: gold aura, sanguine armoured, slowed, very slow
A: icemail 1, spiny 2, sanguine armour 2, condensation shield, demonic touch 2
a: Renounce Religion, Potion Petition, Call Merchant, Bribe Branch


You were on level 6 of the Lair of Beasts.
You worshipped Gozag.
Gozag was most pleased with you.
You visited 3 branches of the dungeon, and saw 17 of its levels.

You collected 3280 gold pieces.
You paid 760 gold pieces to Gozag.

Inventory:

Hand Weapons
 a - a +2 war axe of flaming (weapon)
 b - the +7 hunting sling "Kykkyff" {flame, *Slow rElec rN+}
   (You found it on level 1 of the Lair of Beasts)

   Any ammunition fired from it burns those it strikes, dealing additional fire
   damage.
   rElec:     It insulates you from electricity.
   rN:        It protects you from negative energy.
   *Slow:     It may slow you when you take damage.
 i - a +2 spear of venom
 S - the +2 trident of the Wolf {vorpal, Will+}
   (You found it on level 4 of the Lair of Beasts)

   It inflicts extra damage upon your enemies.
   Will:      It increases your willpower.
Missiles
 l - 95 sling bullets
 n - 9 boomerangs
 s - 50 poisoned darts
 x - 4 curare-tipped darts (quivered)
 C - 5 javelins
 V - 2 throwing nets
Armour
 e - a scarf of shadows (worn)
 k - a +0 pair of gloves (worn)
 H - a +3 kite shield (worn)
 P - +0 acid dragon scales (worn)
Jewellery
 p - a ring of poison resistance (left hand)
 A - a +4 ring of protection (right hand)
 B - a ring of protection from fire
 J - an amulet of reflection (around neck)
 N - a ring of flight
 T - a ring of positive energy
Wands
 g - a wand of digging (9)
 E - a wand of acid (8)
 G - a wand of flame (17)
 I - a wand of polymorph (18)
 U - a wand of iceblast (5)
Scrolls
 c - 4 scrolls of fog
 d - 2 scrolls of torment
 j - 8 scrolls of enchant armour
 o - 4 scrolls of holy word
 t - a scroll of silence
 w - a scroll of vulnerability
 y - 2 scrolls of enchant weapon
 K - a scroll of immolation
Potions
 f - 4 potions of haste
 h - 2 potions of cancellation
 m - 3 potions of flight
 q - 2 potions of lignification
 r - 6 potions of curing
 u - 2 potions of berserk rage
 z - 7 potions of might
 D - 3 potions of heal wounds
 F - a potion of attraction
 O - a potion of mutation
 Q - a potion of invisibility
 W - a potion of resistance


   Skills:
 + Level 10.3 Fighting
 + Level 6.0 Axes
 + Level 8.9 Throwing
 + Level 9.0 Armour
 + Level 9.3 Dodging
 - Level 4.5 Stealth
 + Level 7.7 Shields
 + Level 9.8 Evocations


You had 12 spell levels left.
You didn't know any spells.
Your spell library contained the following spells:

 Spells                   Type           Power      Damage    Failure   Level
 Summon Small Mammal      Summ           0%         N/A       71%         1
 Sublimation of Blood     Necr           0%         N/A       83%         2
 Call Canine Familiar     Summ           0%         N/A       97%         3
 Gell's Gravitas          Tloc           0%         N/A       97%         3
 Lesser Beckoning         Tloc           0%         N/A       97%         3
 Ozocubu's Armour         Ice            0%         N/A       97%         3
 Portal Projectile        Hex/Tloc       0%         N/A       97%         3
 Summon Guardian Golem    Hex/Summ       0%         N/A       97%         3
 Teleport Other           Tloc           0%         N/A       97%         3
 Airstrike                Air            0%         N/A       100%        4
 Petrify                  Tmut/Erth      0%         N/A       100%        4
 Summon Lightning Spire   Summ/Air       0%         N/A       100%        4
 Blade Hands              Tmut           0%         N/A       100%        5
 Excruciating Wounds      Necr           0%         N/A       100%        5
 Irradiate                Conj/Tmut      0%         3d13      100%        5
 Lightning Bolt           Conj/Air       0%         1d11      100%        5
 Summon Forest            Summ/Tloc      0%         N/A       100%        5
 Dispersal                Tloc           0%         N/A       100%        6
 Eringya's Noxious Bog    Tmut/Pois      0%         N/A       100%        6
 Ozocubu's Refrigeration  Ice            0%         4d5       100%        7
 Summon Hydra             Summ           0%         N/A       100%        7
 Disjunction              Tloc           0%         N/A       100%        8


Dungeon Overview and Level Annotations

Branches:
Dungeon (10/15)            Temple (1/1) D:4            Lair (6/6) D:10
  Swamp (0/4) Lair:3       Spider (0/4) Lair:2
  Slime: Lair:5-6       Orc: D:9-12

Altars:
Ashenzari
Dithmenos
Elyvilon
Gozag
Hepliaklqana
Kikubaaqudgha
Makhleb
Nemelex Xobeh
Okawaru
Qazlal
Sif Muna
Trog
Vehumet
Wu Jian
Xom
Yredelemnul
Zin

Annotations:
D:9 exclusion: 2 oklob plants
Lair:6 1 runed translucent door


Innate Abilities, Weirdness & Mutations

A meltable icy envelope protects you from harm. (AC +0)
You are mostly covered in sharp spines.
When seriously injured, your bleeding wounds create thick armour. (AC +9)
A meltable shield of frost defends you. (SH +0)
Your touch may inflict irresistible damage on your foes.


Message History

* * * LOW HITPOINT WARNING * * *
The lindwurm bites you.
* * * LOW HITPOINT WARNING * * *
You block the lindwurm's attack. x2
You see here a scroll of torment.
You feel much better. You block the torpor snail's attack.
The lindwurm breathes flames at you. The blast of flame misses you.
Okay, then.
Unknown command.
Okay, then.
Unknown command.
You hit the lindwurm but do no damage.
The lindwurm is severely wounded.
You hit the torpor snail. You burn the torpor snail.
You block the lindwurm's attack.
The lindwurm claws you but does no damage. x2
The torpor snail closely misses you. The lindwurm is struck by your spines.
The lindwurm barely misses you.
The lindwurm claws you but does no damage.
You block the lindwurm's attack. You block the torpor snail's attack.
You barely miss the lindwurm.
The lindwurm is severely wounded.
You hit the torpor snail. You burn the torpor snail.
The lindwurm is struck by your spines. The lindwurm bites you!
You block the lindwurm's attack. x2
The torpor snail is struck by your spines.
The torpor snail bites you!
* * * LOW HITPOINT WARNING * * *
You block the lindwurm's attack.
The lindwurm claws you but does no damage. x2
You barely miss the lindwurm.
The lindwurm is almost dead.
You hit the torpor snail but do no damage.
The lindwurm breathes flames at you. The blast of flame hits you!
* * * LOW HITPOINT WARNING * * *
You block the torpor snail's attack. The lindwurm bites you!
You die...
Your body crumbles into a pile of gold.

##### ##
#.##w..##.#
#..$k@...##
#....$###...##
.....#
##...### ...##
###.8.# .#
##...##
##...#+#
#..####D$
##..# $$.$#
###..##


$$$$$ # You could see a torpor snail and a lindwurm.

Vanquished Creatures
  Harold (D:8)
  Josephine (Lair:5)
  Erolcha (D:9)
  9 hydras
  Erica (D:9)
  A two-headed ogre (D:8)
  2 death yaks (Lair:5)
  A bog body (Lair:3)
  An oklob plant (D:9)
  11 elephants (Lair:6)
  3 torpor snails
  2 black mambas (Lair:5)
  Joseph (D:7)
  3 rime drakes
  Maggie (D:10)
  9 cane toads
  7 komodo dragons
  A freezing wraith (D:9)
  7 hornets
  A polar bear (Lair:2)
  A troll (D:10)
  A tyrant leech (Lair:6)
  16 blink frogs
  9 dream sheep
  6 wraiths
  Grum (D:8)
  19 yaks
  6 basilisks
  2 steam dragons
  A warg (Lair:6)
  9 water moccasins
  Duvessa (D:7)
  A floating eye (D:9)
  A hell hound (Lair:6)
  2 orc warriors
  2 ice beasts
  2 ogres
  3 black bears
  9 wolves
  3 centaurs
  3 kobold brigands
  15 bullfrogs
  2 scorpions
  2 water moccasin skeletons
  Dowan (D:7)
  6 killer bees
  3 wights (D:9)
  3 howler monkeys
  A vampire bat (D:3)
  2 electric eels (Lair:2)
  4 centaur zombies
  A bullfrog zombie (D:3)
  3 hounds
  A bullfrog skeleton (D:7)
  6 orc priests
  4 jellies
  A centaur skeleton (D:5)
  5 orc wizards
  4 iguanas
  2 hell rats (Lair:3)
  A scorpion zombie (D:3)
  A hound zombie (D:5)
  A howler monkey zombie (D:7)
  3 gnolls (D:2)
  7 adders
  8 river rats (Lair:3)
  A shadow imp (D:7)
  2 white imps
  2 ufetubi
  2 dart slugs
  21 orcs
  A bat (D:2)
  2 bat skeletons (D:3)
  3 bat zombies (D:3)
  3 endoplasms
  2 giant cockroaches
  3 goblins
  A hobgoblin (D:1)
  3 jackals (D:2)
  2 quokkas (D:1)
  6 ball pythons
  A frilled lizard (D:2)
  14 kobolds
318 creatures vanquished.

Vanquished Creatures (others)
  A bullfrog zombie (D:6)
  A kobold (D:5)
  56 fungi
  112 plants
170 creatures vanquished.

Grand Total: 488 creatures vanquished

Notes
Turn   | Place    | Note
-------+----------+-------------------------------------------
     0 | D:5      | flotson the Demonspawn Delver began the quest for the Orb.
     0 | D:5      | Reached XP level 1. HP: 18/18 MP: 1/1
    16 | D:4      | Noticed a jelly
    42 | D:3      | Noticed an orc wizard
   184 | D:3      | Found an ancient bone altar of Kikubaaqudgha.
   185 | D:3      | Noticed a vampire bat
   259 | D:2      | Gained mutation: Your touch may inflict minor irresistible
                  | damage on your foes. [demonic ancestry]
   259 | D:2      | Reached XP level 2. HP: 24/24 MP: 2/2
   924 | D:2      | Reached skill level 1 in Evocations
   956 | D:2      | Reached skill level 1 in Armour
   956 | D:2      | Gained mutation: A meltable shield of frost defends you.
                  | (SH +0) [demonic ancestry]
   956 | D:2      | Reached XP level 3. HP: 28/29 MP: 3/3
  1338 | D:2      | Found a bloodstained altar of Trog.
  2230 | D:3      | Reached skill level 1 in Throwing
  2230 | D:3      | Gained mutation: Your touch may inflict irresistible damage
                  | on your foes. [demonic ancestry]
  2230 | D:3      | Reached XP level 4. HP: 33/35 MP: 4/4
  2489 | D:3      | Reached XP level 5. HP: 36/42 MP: 5/5
  2955 | D:4      | Reached skill level 4 in Fighting
  2973 | D:4      | Gained mutation: When seriously injured, your bleeding
                  | wounds create armour. (AC +9) [demonic ancestry]
  2973 | D:4      | Reached XP level 6. HP: 39/48 MP: 6/6
  3202 | D:4      | Found a staircase to the Ecumenical Temple.
  3211 | Temple   | Entered the Ecumenical Temple
  3684 | Temple   | Became a worshipper of Gozag Ym Sagoz the Greedy
  3806 | D:4      | Gained mutation: A meltable icy envelope protects you from
                  | harm. (AC +0) [demonic ancestry]
  3806 | D:4      | Reached XP level 7. HP: 45/55 MP: 7/7
  4516 | D:5      | Found a basalt altar of Yredelemnul.
  4520 | D:5      | Found a shadowy altar of Dithmenos.
  4520 | D:5      | Found a sparkling altar of Nemelex Xobeh.
  4531 | D:5      | Found a burning altar of Makhleb.
  4665 | D:5      | Reached skill level 5 in Fighting
  4769 | D:5      | Gained mutation: You are partially covered in sharp spines.
                  | [demonic ancestry]
  4769 | D:5      | Reached XP level 8. HP: 59/62 MP: 8/8
  4941 | D:5      | Found a broken altar of Ashenzari.
  5721 | D:6      | Reached skill level 5 in Dodging
  5764 | D:6      | Reached skill level 1 in Shields
  5764 | D:6      | Reached skill level 5 in Evocations
  5772 | D:6      | Reached XP level 9. HP: 60/69 MP: 9/9
  5813 | D:6      | Reached skill level 6 in Fighting
  5892 | D:6      | Found a hazy altar of Hepliaklqana.
  6104 | D:6      | Found an iron altar of Okawaru.
  6236 | D:7      | Noticed Dowan
  6245 | D:7      | Killed Dowan
  6258 | D:7      | Noticed Duvessa
  6276 | D:7      | Killed Duvessa
  6288 | D:6      | HP: 2/69 [steam dragon/ball of steam (9)]
  7200 | D:7      | Found a radiant altar of Vehumet.
  7386 | D:7      | Noticed Joseph
  7401 | D:7      | Killed Joseph
  7402 | D:7      | Reached skill level 5 in Armour
  7479 | D:7      | Noticed a cyclops
  7547 | D:7      | Reached skill level 5 in Throwing
  7753 | D:7      | Found a shimmering blue altar of Sif Muna.
  7894 | D:7      | You fall into a shaft and drop 1 floor!
  7910 | D:8      | Noticed Harold
  7915 | D:8      | Noticed Grum
  7951 | D:8      | Noticed a two-headed ogre
  7965 | D:8      | Killed Harold
  7969 | D:8      | Killed a two-headed ogre
  7970 | D:8      | Reached skill level 7 in Fighting
  7970 | D:8      | Gained mutation: When seriously injured, your bleeding
                  | wounds create thick armour. (AC +9) [demonic ancestry]
  7970 | D:8      | Reached XP level 10. HP: 33/79 MP: 10/10
  7975 | D:8      | Killed Grum
  8620 | D:9      | Noticed Erolcha
  8869 | D:9      | Noticed Erica
  8878 | D:9      | Killed Erica
  9184 | D:9      | Killed Erolcha
  9202 | D:9      | Noticed an oklob plant
  9202 | D:9      | Noticed an oklob plant
  9203 | D:9      | Paralysed by a floating eye for 3 turns
  9518 | D:9      | Noticed an oklob plant
  9774 | D:10     | Entered Level 10 of the Dungeon
  9877 | D:10     | Gained mutation: You are mostly covered in sharp spines.
                  | [demonic ancestry]
  9877 | D:10     | Reached XP level 11. HP: 74/86 MP: 11/11
  9950 | D:10     | Found a staircase to the Lair.
 10097 | D:10     | Reached skill level 8 in Fighting
 10110 | D:10     | Noticed Maggie
 10297 | D:10     | Killed Maggie
 10845 | D:9      | Killed an oklob plant
 11109 | Lair:1   | Entered Level 1 of the Lair of Beasts
 11140 | Lair:1   | Identified the +7 hunting sling "Kykkyff" {flame, *Slow
                  | rElec rN+}
 11690 | Lair:1   | Reached skill level 5 in Shields
 11690 | Lair:1   | Noticed an eight-headed hydra
 11701 | Lair:1   | Killed a three-headed hydra
 13174 | Lair:2   | Found a hole to the Spider Nest.
 13688 | Lair:2   | Noticed a six-headed hydra
 13702 | Lair:2   | Killed a one-headed hydra
 14386 | Lair:3   | Reached XP level 12. HP: 68/94 MP: 12/12
 14811 | Lair:3   | Found a staircase to the Swamp.
 14833 | Lair:3   | Noticed a seven-headed hydra
 14845 | Lair:3   | Killed a four-headed hydra
 14846 | Lair:3   | Reached skill level 9 in Fighting
 15538 | Lair:3   | Noticed an eight-headed hydra
 15551 | Lair:3   | Killed a four-headed hydra
 15969 | Lair:4   | Identified the +2 trident of the Wolf {vorpal, Will+}
 16043 | Lair:4   | Noticed an eight-headed hydra
 16051 | Lair:4   | Killed a six-headed hydra
 17123 | Lair:5   | Noticed Josephine
 17344 | Lair:5   | Noticed a four-headed hydra
 17353 | Lair:5   | Killed a four-headed hydra
 17550 | Lair:5   | Killed Josephine
 17755 | Lair:5   | Reached skill level 5 in Axes
 17755 | Lair:5   | Reached XP level 13. HP: 102/102 MP: 13/13
 19118 | Lair:6   | Entered Level 6 of the Lair of Beasts
 19671 | Lair:6   | Reached skill level 10 in Fighting
 21170 | Lair:6   | Found a runed translucent door.
 21172 | Lair:6   | Noticed a fire dragon
 21257 | Lair:6   | Slain by a lindwurm

Illustrated notes

Levels and vault maps discovered:
D:1:      lightli_arrival_isolated_outpost, layout_loops_ring
D:2:      layout_loops_ring, basic_altar, minivault_5
D:3:      layout_basic, kennysheep_vampire_church, minivault_24,
          solitary_fountain
D:4:      layout_basic, minmay_temple_entry_statues_fountains
D:5:      layout_rooms, mainiacjoe_overflow_alcove_1,
          minmay_overflow_temple_star_hex
D:6:      layout_rooms, nicolae_hepliaklqana_hazy_memory,
          okawaru_ov_weapons_minmay
D:7:      minmay_cornered_nines, layout_layer_cave,
          nicolae_overflow_hidden_temple, hangedman_decor_points,
          serial_park_tiny_2, lightli_corner_chamber, uniq_joseph, uniq_duvessa
D:8:      layout_rooms, uniq_grum, uniq_harold
D:9:      layout_cave_pods, disabler_island, uniq_erolcha, uniq_erica
D:10:     layout_rooms, zin_scriptorium, david_lair_shrubbed,
          kennysheep_flooded_box, uniq_maggie
Temple:   jpeg_temple_alley_garden
Lair:1:   layout_long_grid, grunt_forest_small_clearings, lemuel_fruit_tree
Lair:2:   layout_layer_cave, dummy_spider_entry, grunt_megastairs_1,
          serial_bayou_shore_a, lemuel_fruit_fields, infiniplex_staircase_pool
Lair:3:   layout_small_grid, skrybe_swamp_entry_bodies, kennysheep_rathole
Lair:4:   layout_long_grid, chequers_serial_rivers_micro_d
Lair:5:   layout_small_grid, uniq_josephine
Lair:6:   wormcave, layout_big_grid, hangedman_lair_caniforms_friends,
          slime_altar_1, st_stairs_3

Skill      XL: |  1  2  3  4  5  6  7  8  9 10 11 12 13 |
---------------+----------------------------------------+-----
Dodging        | 2 3 4 5 6 7 8 9 |  9.3
Evocations     | 1 2 3 5 6 7 8 9 |  9.8
Armour         | 1 2 3 4 5 6 7 8 9 |  9.0
Throwing       | 1 2 3 4 5 6 7 8 |  8.9
Fighting       | 4 5 7 8 9 10 | 10.3
Shields        | 1 3 4 5 6 7 |  7.7
Axes           | 3 5 6 |  6.0
Stealth        | |  4.5

Action                   |  1- 3 |  4- 6 |  7- 9 | 10-12 | 13-15 || total
-------------------------+-------+-------+-------+-------+-------++-------
Melee: Hand axe          |    47 |       |       |       |       ||    47
       Touch             |     7 |    21 |    31 |       |       ||    59
       Spear             |    15 |    96 |   322 |    58 |       ||   491
       Halberd           |    10 |       |       |       |       ||    10
       Scimitar          |       |       |       |   150 |       ||   150
       War axe           |       |       |       |   244 |   290 ||   534
 Fire: Hunting sling     |       |       |       |   181 |    27 ||   208
Throw: Dart              |     9 |     9 |     5 |     1 |       ||    24
       Boomerang         |     4 |     1 |       |       |       ||     5
Invok: Potion Petition   |       |       |     2 |       |       ||     2
Evoke: Wand              |       |       |     3 |    17 |       ||    20
  Use: Potion            |       |       |     2 |       |     1 ||     3
       Scroll            |       |       |    14 |    10 |     4 ||    28
 Stab: Sleeping          |     7 |     3 |     6 |     3 |     2 ||    21
       Distracted        |       |       |     4 |     1 |       ||     5
Armor: Leather armour    |    12 |       |       |       |       ||    12
       Ring mail         |    12 |    21 |   118 |    64 |       ||   215
       Acid dragon scale |       |       |       |   158 |   145 ||   303
Dodge: Dodged            |    40 |    34 |    93 |   243 |   154 ||   564
Block: Other             |    21 |    34 |    76 |       |       ||   131
       Reflection        |       |     2 |    11 |     5 |       ||    18
       Kite shield       |       |       |   172 |   732 |   458 ||  1362

Table legend: (Time is in decaauts)
 A = Elapsed time spent in this place.
 B = Non-inter-level travel time spent in this place.
 C = Inter-level travel time spent in this place.
 D = Time resting spent in this place.
 E = Time spent auto-exploring this place.
 F = Levels seen in this place.
 G = Mean time per level.
                   A        B        C        D        E       F      G
               +--------+--------+--------+--------+--------+-----+--------+
         Total |  21823 |  20723 |   1100 |   1770 |  15114 |  17 | 1283.7 |
       Dungeon |  11533 |  10708 |    825 |   1050 |   7408 |  10 | 1153.3 |
        Temple |    202 |    127 |     75 |      0 |    110 |   1 |  202.0 |
          Lair |  10088 |   9889 |    199 |    720 |   7595 |   6 | 1681.3 |
               +--------+--------+--------+--------+--------+-----+--------+

Top non-repeatable levels by time:
  Lair:5: 3005 daAuts
  Lair:2: 1902 daAuts
     D:9: 1656 daAuts
     D:7: 1648 daAuts
  Lair:3: 1498 daAuts
     D:3: 1464 daAuts
  Lair:6: 1327 daAuts
  Lair:4: 1305 daAuts
     D:5: 1270 daAuts
     D:2: 1209 daAuts
     D:6: 1094 daAuts
    D:10: 1062 daAuts
  Lair:1: 1048 daAuts
     D:4: 922 daAuts
     D:8: 658 daAuts
